 Dungeon Crawl Stone Soup version 0.27-a0-1081-ge8a0a9c698 (webtiles) character file.

Game seed: 9029543203148382399

200 tardwrangler69 the Poker (level 5, 0/42 HPs)
             Began as a Merfolk Gladiator on Apr 25, 2021.
             Slain by Duvessa
             ... wielding a +0 rapier
              (14 damage)
             ... on level 4 of the Dungeon.
             The game lasted 00:02:38 (3145 turns).

tardwrangler69 the Poker (Merfolk Gladiator)        Turns: 3145, Time: 00:02:39

Health: 0/42       AC:  6    Str: 16    XL:     5   Next: 79%
Magic:  5/5        EV: 13    Int:  7    God:
Gold:   184        SH:  0    Dex: 15    Spells: 4/4 levels left

rFire    . . .     SeeInvis .   a - +0 trident
rCold    . . .     Faith    .   (no shield)
rNeg     . . .     Spirit   .   g - +0 ring mail
rPois    .         Reflect  .   c - +0 helmet
rElec    .         Harm     .   (no cloak)
rCorr    .         Rampage  .   (no gloves)
Will     .....                  (no boots)
Stlth    +.........             (no amulet)
HPRegen  0.14/turn              (no ring)
MPRegen  0.09/turn              (no ring)

@: no status effects
A: (nimble swimmer 2), mertail
a: no special abilities


You were on level 4 of the Dungeon.
You visited 1 branch of the dungeon, and saw 4 of its levels.

You collected 184 gold pieces.

Inventory:

Hand Weapons
 a - a +0 trident (weapon)
Missiles
 d - 3 throwing nets (quivered)
 l - 5 javelins
Armour
 b - a +0 leather armour
 c - a +0 helmet (worn)
 g - a +0 ring mail (worn)
Scrolls
 f - a scroll of brand weapon {unknown}
 j - a scroll of fog {unknown}
 m - a scroll of magic mapping {unknown}
 n - a scroll of teleportation {unknown}
Potions
 e - a potion of cancellation {unknown}
 h - a potion of flight {unknown}
 i - a potion of heal wounds {unknown}
 k - a potion of brilliance {unknown}
 o - a potion of mutation {unknown}


   Skills:
 + Level 3.6 Fighting
 * Level 7.1 Polearms
 - Level 2.0 Throwing
 + Level 5.3 Dodging


You had 4 spell levels left.
You didn't know any spells.
Your spell library was empty.

Dungeon Overview and Level Annotations

Branches:
Dungeon (4/15)
 Temple: D:4-7

Altars:
Xom

Annotations:
D:4 Dowan, Duvessa


Innate Abilities, Weirdness & Mutations

((You are quick and stealthy near water. (Stealth+, EV+, Speed+++)))
Your lower body shifts to a powerful aquatic tail in water.


Message History

Dowan casts a spell at Duvessa.
Duvessa seems to speed up.
Duvessa moves out of view.
The orc shouts!
Found a rapier.
An orc comes into view. It is wielding a +0 falchion.
Dowan says, "Stay away from my face!"
Dowan drinks a potion.
Dowan seems to speed up.
An orc comes into view. It is wielding a +0 club.
An orc priest comes into view. It is wielding a +0 hand axe.
An orc wizard comes into view. It is wielding a +0 dagger.
Dowan mumbles some strange words.
Dowan blinks!
You reach to attack!
The orc wizard shouts!
You hit Duvessa.
Duvessa is lightly wounded.
The orc priest invokes the aid of Beogh against you.
Beogh smites you! Duvessa hits you with a +0 rapier.
You closely miss Duvessa.
Duvessa is lightly wounded.
Duvessa completely misses you.
The orc wizard points at itself and mumbles some strange words.
The orc wizard flickers and vanishes!
Deactivating autopickup; reactivate with Ctrl-A.
The orc priest miscasts a cantrip.
You hit Duvessa.
Duvessa is moderately wounded.
Duvessa hits you with a +0 rapier.
Dowan mumbles some strange words.
Dowan blinks!
You hit Duvessa but do no damage.
Duvessa is moderately wounded.
Duvessa barely misses you. Duvessa hits you with a +0 rapier!
You barely miss Duvessa.
Duvessa is lightly wounded.
Duvessa hits you with a +0 rapier.
You closely miss Duvessa.
Duvessa is lightly wounded.
Duvessa hits you with a +0 rapier. Duvessa hits you with a +0 rapier!
You die...

###<###.## .....)...#
####.†##.#######
#.##........#
#.##........#
#.##.......#.#####
#.###.###.## ... #.#
#.##.## ##.#
#.###.###.###@o#
.........>.#.#e.)....
###.#.#)#.#.#o##...
.........###o. #
#.#..####.# .o. #....
#.. .e.. ##... ...
... #... ##...# #...
.


You could see Duvessa (fast), Dowan (fast), an orc priest and 3 orcs.

Vanquished Creatures
  An ogre (D:4)
  A hound (D:4)
  3 adders
  A worm (D:2)
  A dart slug (D:4)
  An orc (D:4)
  8 ball pythons
  4 endoplasms
  5 giant cockroaches
  8 goblins
  5 hobgoblins
  3 quokkas
  4 bats
  4 frilled lizards
  5 kobolds
  2 rats
56 creatures vanquished.

Notes
Turn   | Place    | Note
-------+----------+-------------------------------------------
     0 | D:1      | tardwrangler69 the Merfolk Gladiator began the quest for
                  | the Orb.
     0 | D:1      | Reached XP level 1. HP: 16/16 MP: 1/1
   129 | D:1      | Reached XP level 2. HP: 23/23 MP: 2/2
   301 | D:1      | Reached skill level 5 in Polearms
   633 | D:1      | Reached XP level 3. HP: 28/28 MP: 3/3
  1160 | D:2      | Found a shimmering altar of Xom.
  1638 | D:2      | Found a faded altar of an unknown god.
  2044 | D:2      | Reached XP level 4. HP: 23/35 MP: 4/4
  2811 | D:3      | Reached skill level 6 in Polearms
  3058 | D:4      | Noticed an ogre
  3064 | D:4      | Killed an ogre
  3065 | D:4      | Reached skill level 5 in Dodging
  3065 | D:4      | Reached XP level 5. HP: 41/41 MP: 5/5
  3088 | D:4      | Reached skill level 7 in Polearms
  3136 | D:4      | Noticed Duvessa
  3136 | D:4      | Noticed Dowan
  3145 | D:4      | Slain by Duvessa

Illustrated notes

Levels and vault maps discovered:
D:1:      dpeg_arrival_pits, layout_basic, minivault_24, minmay_tromino_v4_c
D:2:      layout_basic, basic_altar, ebering_ecumenical_altar_petrified
D:3:      layout_rooms
D:4:      gammafunk_steamed_eel, layout_loops_ring, lemuel_tele_altar,
          ebering_ghost_disaster_area, uniq_duvessa

Skill      XL: |  1  2  3  4  5 |
---------------+----------------+-----
Polearms       | 5 6 7 |  7.1
Fighting       | 3 |  3.6
Dodging        | 5 |  5.3
Throwing       | |  2.0

Action                   |  1- 3 |  4- 6 || total
-------------------------+-------+-------++-------
Melee: Trident           |   111 |    59 ||   170
 Stab: Sleeping          |     2 |       ||     2
Armor: Leather armour    |    12 |       ||    12
       Ring mail         |     8 |    17 ||    25
Dodge: Dodged            |    56 |    30 ||    86

Table legend: (Time is in decaauts)
 A = Elapsed time spent in this place.
 B = Non-inter-level travel time spent in this place.
 C = Inter-level travel time spent in this place.
 D = Time resting spent in this place.
 E = Time spent auto-exploring this place.
 F = Levels seen in this place.
 G = Mean time per level.
                   A        B        C        D        E       F      G
               +--------+--------+--------+--------+--------+-----+--------+
         Total |   3142 |   3037 |    105 |      0 |   2702 |   4 |  785.5 |
       Dungeon |   3142 |   3037 |    105 |      0 |   2702 |   4 |  785.5 |
               +--------+--------+--------+--------+--------+-----+--------+

Top non-repeatable levels by time:
     D:2: 1472 daAuts
     D:1: 1049 daAuts
     D:3: 534 daAuts
     D:4: 86 daAuts
